 Dungeon Crawl Stone Soup version 0.20.1-1-g8b1a95d (webtiles) character file.

10173 KoningWillie the Carver (level 11, -6/101 HPs)
             Began as a Minotaur Fighter on Sept 23, 2017.
             Mangled by a death knight
             ... wielding a +2 vampiric great sword
              (23 damage)
             ... on level 13 of the Dungeon.
             The game lasted 00:25:28 (15492 turns).

KoningWillie the Carver (Minotaur Fighter)         Turns: 15492, Time: 00:25:29

Health: -6/101     AC: 15    Str: 26    XL:     11   Next: 32%
Magic:  10/10      EV:  8    Int:  5    God:
Gold:   751        SH: 13    Dex: 10    Spells: 10/10 levels left

rFire    . . .     SeeInvis .   a - +1 long sword
rCold    . . .     Gourm    .   c - +0 shield
rNeg     . . .     Faith    .   q - +5 scale mail
rPois    .         Spirit   .   (helmet restricted)
rElec    .         Reflect  +   (no cloak)
rCorr    .         Harm     .   y - +0 pair of gloves
MR       .....                  (no boots)
Stlth    ..........             E - +3 amulet of reflection
Regen    0.3/turn               o - +4 ring of slaying
MPRegen  0.2/turn               (no ring)

@: drained
A: retaliatory headbutt, horns 2, strong 1, wild magic 1
a: no special abilities


You were on level 13 of the Dungeon.
You were full.

You visited 1 branch of the dungeon, and saw 13 of its levels.

You collected 751 gold pieces.

Inventory:

Hand Weapons
 a - a +1 long sword (weapon)
Armour
 b - a +0 scale mail
 c - a +0 shield (worn)
 q - a +5 scale mail (worn)
 y - a +0 pair of gloves (worn)
Jewellery
 o - a +4 ring of slaying (left hand)
 A - a +2 ring of evasion {unknown}
 E - a +3 amulet of reflection (around neck)
Wands
 g - a wand of scattershot (5/9)
 v - a wand of flame (48/48)
 G - a wand of clouds (5/9)
 H - a wand of lightning (8/15)
Scrolls
 h - a scroll of identify
 r - a scroll of magic mapping
 u - a scroll of recharging
 w - a scroll of amnesia
 x - a scroll of enchant armour
 B - 3 scrolls of remove curse
 C - a scroll of summoning
 J - a scroll of fear {unknown}
 K - a scroll of random uselessness {unknown}
 L - a scroll of enchant weapon
 M - a scroll of fog {unknown}
Potions
 e - 2 potions of haste
 j - 3 potions of lignification
 k - a potion of invisibility
 l - a potion of resistance
 m - a potion of brilliance
 n - a potion of berserk rage {unknown}
 p - a potion of degeneration {unknown}
 s - a potion of flight
 t - a potion of mutation
 z - a potion of ambrosia
 D - a potion of curing
 N - a potion of magic {unknown}
Books
 d - a book of Misfortune

   Spells                             Type                      Level
   a - Confusing Touch                Hexes                        1
   b - Confuse                        Hexes                        3
   c - Gell's Gravitas                Translocation                3
   d - Petrify                        Transmutation/Earth          4
   e - Metabolic Englaciation         Hexes/Ice                    5
   f - Yara's Violent Unravelling     Hexes/Transmutation          5
Comestibles
 f - a bread ration
 F - 3 meat rations
 I - 8 royal jellies


   Skills:
 + Level 10.6(10.5) Fighting
 + Level 14.1(13.9) Long Blades
 + Level 11.7(11.5) Armour
 - Level 0.9(0.8) Dodging
 - Level 0.3(0.2) Stealth
 - Level 5.2(5.0) Shields


You had 10 spell levels left.
You didn't know any spells.

Dungeon Overview and Level Annotations

Branches:
Dungeon (13/15)            Temple (0/1) D:6            Lair (0/6) D:9
    Orc (0/2) D:10
 Vaults: D:13-14

Altars:
Ashenzari
Elyvilon
Gozag
Hepliaklqana
Kikubaaqudgha
Qazlal
Ru
Uskayaw
Vehumet
Yredelemnul
Zin

Shops:
D:6 (

Annotations:
D:2 Sigmund


Innate Abilities, Weirdness & Mutations

You reflexively headbutt those who attack you in melee.
You have a pair of horns on your head.
Your muscles are strong. (Str +2)
Your spells are a little harder to cast, but a little more powerful.


Message History

* * * LOW HITPOINT WARNING * * *
The death knight's dark mirror aura disappears.
There is an open door here.
You closely miss the death knight.
The death knight is severely wounded.
The death knight hits you with a vampiric great sword!!
* * * LOW HITPOINT WARNING * * *
You barely miss the death knight. You headbutt the death knight.
The death knight is severely wounded.
The sky beast flickers out of sight!
Deactivating autopickup; reactivate with Ctrl-A.
The death knight hits you but does no damage.
You block the quasit's attack.
The quasit claws you but does no damage. x2
You feel better. The quasit barely misses you. You block the quasit's attack.
The quasit claws you but does no damage.
You barely miss the death knight. You headbutt the death knight!
The death knight is almost dead.
The death knight hits you with a vampiric great sword!!
You die...

###+##### ######+##
#.......# #.......#
#.......# #.......#
#.......# #.......+
.......# ####....<..#
.....######..'.......#
#..#p@....##.......#
#..a5###########+###
#..### #.## #.# #)#
.a# .... .##..


You could see a death knight, a worker ant and a quasit.

Vanquished Creatures
  A centaur warrior (D:13)
  A manticore (D:9)
  A centaur skeleton (D:12)
  A troll (D:10)
  Prince Ribbit (D:7)
  3 hippogriffs
  2 wyverns
  4 hungry ghosts
  Duvessa (D:7)
  5 orc warriors
  A necrophage (D:8)
  2 sky beasts
  5 ice beasts
  3 black bears
  An eye of draining (D:9)
  2 ogres
  2 phantoms
  7 centaurs
  A big kobold (D:9)
  5 bullfrogs
  2 gnoll sergeants
  A wyvern zombie (D:11)
  Dowan (D:7)
  2 water moccasin zombies
  2 scorpions
  2 troll zombies (D:10)
  14 killer bees
  6 wights
  4 howler monkeys
  2 centaur zombies
  4 crimson imps
  2 bullfrog zombies
  8 jellies
  15 orc wizards
  6 hounds
  4 bullfrog skeletons
  12 orc priests
  Crazy Yiuf (D:3)
  A gnoll shaman (D:10)
  Terence (D:3)
  Jessica (D:2)
  3 iguanas
  5 worker ants
  A killer bee zombie (D:6)
  4 ogre zombies (D:10)
  2 hound skeletons
  A hound zombie (D:5)
  Robin (D:3)
  10 gnolls
  8 adders
  2 shadow imps
  6 oozes
  An adder skeleton (D:4)
  2 adder zombies
  2 worms
  A dart slug (D:2)
  5 leopard geckos
  44 orcs
  5 giant cockroaches
  12 goblins
  10 hobgoblins
  6 jackals
  8 quokkas
  5 frilled lizards
  A goblin skeleton (D:10)
  4 goblin zombies (D:10)
  2 hobgoblin skeletons (D:10)
  A hobgoblin zombie (D:10)
  11 kobolds
  A leopard gecko skeleton (D:4)
  3 orc skeletons (D:10)
  8 orc zombies (D:10)
  A quokka skeleton (D:4)
  7 rats
  A fungus (D:3)
324 creatures vanquished.

Vanquished Creatures (others)
  An orc warrior (D:6)
  An orc wizard (D:6)
  3 orcs (D:6)
  A kobold (D:9)
6 creatures vanquished.

Grand Total: 330 creatures vanquished

Notes
Turn   | Place    | Note
-------+----------+-------------------------------------------
     0 | D:1      | KoningWillie the Minotaur Fighter began the quest for the Orb.
     0 | D:1      | Reached XP level 1. HP: 19/19 MP: 0/0
   338 | D:1      | Reached XP level 2. HP: 27/27 MP: 1/1
   854 | D:2      | Reached XP level 3. HP: 33/33 MP: 2/2
   865 | D:2      | Found a sacrificial altar of Ru.
   865 | D:2      | Found a radiant altar of Vehumet.
   877 | D:2      | Noticed Jessica
   889 | D:2      | Killed Jessica
  1001 | D:2      | Noticed Sigmund
  1149 | D:3      | Found an opulent altar of Gozag.
  1279 | D:3      | Noticed Terence
  1286 | D:3      | Killed Terence
  1286 | D:3      | Reached XP level 4. HP: 34/40 MP: 3/3
  1471 | D:3      | Noticed Robin
  1480 | D:3      | Reached skill level 3 in Long Blades
  1491 | D:3      | Killed Robin
  1492 | D:3      | Reached skill level 5 in Armour
  2105 | D:3      | Reached XP level 5. HP: 47/47 MP: 4/4
  2505 | D:3      | Found a runed door.
  2509 | D:3      | Noticed Crazy Yiuf
  2514 | D:3      | Killed Crazy Yiuf
  3290 | D:4      | Reached skill level 5 in Shields
  3612 | D:4      | Reached XP level 6. HP: 44/53 MP: 5/5
  3928 | D:4      | Reached skill level 4 in Long Blades
  4567 | D:5      | Entered Level 5 of the Dungeon
  4575 | D:5      | Reached skill level 5 in Fighting
  4658 | D:5      | Found a hide-covered altar of Uskayaw.
  4658 | D:5      | Found a faded altar of an unknown god.
  4663 | D:5      | Found a faded altar of an unknown god.
  4665 | D:5      | Found a basalt altar of Yredelemnul.
  4667 | D:5      | Found a hazy altar of Hepliaklqana.
  4739 | D:5      | Reached skill level 5 in Long Blades
  4746 | D:5      | Reached XP level 7. HP: 60/61 MP: 6/6
  5047 | D:5      | Reached skill level 6 in Long Blades
  5755 | D:6      | Found a staircase to the Ecumenical Temple.
  5770 | D:6      | Reached skill level 7 in Long Blades
  6034 | D:6      | Reached XP level 8. HP: 70/70 MP: 7/7
  6611 | D:6      | Reached skill level 8 in Long Blades
  6632 | D:6      | Found Evvin's Antique Weapon Shop.
  7048 | D:6      | Found a white marble altar of Elyvilon.
  7294 | D:7      | Noticed Duvessa
  7295 | D:7      | Noticed Dowan
  7308 | D:7      | Killed Duvessa
  7313 | D:7      | Killed Dowan
  7313 | D:7      | Reached skill level 9 in Long Blades
  7375 | D:7      | Found a glowing silver altar of Zin.
  7375 | D:7      | Found a stormy altar of Qazlal.
  7376 | D:7      | Found a shattered altar of Ashenzari.
  7485 | D:7      | Reached XP level 9. HP: 60/79 MP: 8/8
  7989 | D:7      | Noticed Prince Ribbit
  8006 | D:7      | Killed Prince Ribbit
  8006 | D:7      | Reached skill level 10 in Long Blades
  8705 | D:7      | Found an ancient bone altar of Kikubaaqudgha.
  8931 | D:7      | Gained mutation: Your spells are a little harder to cast, but a little more powerful. [potion of mutation]
  8931 | D:7      | Gained mutation: Your muscles are strong. (Str +2) [potion of mutation]
  9138 | D:8      | Reached skill level 11 in Long Blades
  9742 | D:8      | Reached XP level 10. HP: 89/89 MP: 9/9
 10229 | D:8      | Reached skill level 12 in Long Blades
 10229 | D:8      | Reached skill level 10 in Armour
 10330 | D:8      | Found a radiant altar of Vehumet.
 10418 | D:9      | Found a staircase to the Lair.
 11013 | D:9      | Noticed a manticore
 11020 | D:9      | Killed a manticore
 12089 | D:10     | Entered Level 10 of the Dungeon
 12392 | D:10     | Reached skill level 13 in Long Blades
 12481 | D:10     | Found a staircase to the Orcish Mines.
 12753 | D:10     | Reached skill level 10 in Fighting
 13537 | D:10     | Found a white marble altar of Elyvilon.
 13576 | D:10     | Reached XP level 11. HP: 99/99 MP: 10/10
 14232 | D:11     | Noticed a six-headed hydra
 14729 | D:12     | Noticed a six-headed hydra
 15460 | D:13     | Noticed a death knight
 15463 | D:13     | Noticed a centaur warrior
 15465 | D:13     | Reached skill level 14 in Long Blades
 15469 | D:13     | Killed a centaur warrior
 15492 | D:13     | Mangled by a death knight

Skill      XL: |  1  2  3  4  5  6  7  8  9 10 11 |
---------------+----------------------------------+-----
Shields        | 4 5 |  5.2
Armour         | 4 5 6 7 8 9 11 | 11.7
Fighting       | 4 5 7 8 10 | 10.6
Long Blades    | 3 5 7 9 11 13 14 | 14.1
Dodging        | |  0.9
Stealth        | |  0.3

Action                   |  1- 3 |  4- 6 |  7- 9 | 10-12 || total
-------------------------+-------+-------+-------+-------++-------
Melee: Long sword        |    77 |   162 |   315 |   388 ||   942
       Headbutt          |    13 |    33 |    65 |    99 ||   210
  Use: Scroll            |     2 |     2 |    13 |     3 ||    20
       Potion            |       |       |     6 |     6 ||    12
 Stab: Invisible         |       |     1 |       |       ||     1
  Eat: Meat ration       |     1 |       |     1 |       ||     2
       Bread ration      |       |     2 |     1 |     4 ||     7
       Fruit             |       |       |     6 |       ||     6
       Royal jelly       |       |       |     2 |     5 ||     7
Armor: Scale mail        |    35 |    62 |   103 |   145 ||   345
Dodge: Dodged            |    20 |    43 |    80 |    97 ||   240
Block: Shield            |    31 |    84 |   186 |   255 ||   556
       Reflection        |       |       |     6 |    14 ||    20
       Rpst.: Long sword |     6 |    11 |    21 |    21 ||    59
